Map: Korhal Carnage Knockout LE

Players

BenSKywalker - Winner!

  • Race: Zerg Zerg
  • League: Platinum

CaptRaynor

  • Race: Terran Terran
  • League: Silver

VOD

Have the link to the VOD?

Description

Time

  • Played on: April 16, 2016, 11:55 p.m.
  • Length: 4:58
Show
View Real Time Build Order
Export as new Build Order

BenSKywalker Zerg - Winner!

Build Orders: Pool First, Zergling Baneling 

Get SALT Encoding   

  12  0:04  Drone  
  13  0:08  Drone  
  14  0:22  Extractor  
  14  0:23  Extractor  
  14  0:24  Drone x2  
  14  0:30  Overlord  
  16  0:51  Spawning Pool, Drone  
  16  0:52  Drone  
  17  0:59  Drone  
  18  1:04  Extractor  
  18  1:09  Drone  
  18  1:28  Hatchery  
  18  1:32  Drone  
  18  1:33  Drone  
  18  1:37  Queen  
  21  1:41  Zergling x2  
  22  1:51  Overlord  
  22  2:10  Zergling x2  
  23  2:23  Zergling x2  
  23  2:24  Metabolic Boost  
  24  2:38  Drone x2  
  24  2:40  Baneling Nest  
  24  2:42  Extractor  
  24  2:46  Zergling x8  
  28  3:00  Zergling x4  
  28  3:02  Queen  
  32  3:06  Drone  
  33  3:19  Zergling x6  
  36  3:24  Overlord  
  36  3:35  Baneling x2  
  36  3:36  Baneling x5  
  36  3:37  Baneling  
  36  3:49  Drone x2  
  36  3:50  Overlord, Drone x2  
  36  3:51  Overlord  
  34  4:13  Zergling x2  
  34  4:14  Zergling x6  
  34  4:16  Spore Crawler  
  35  4:20  Spine Crawler, Spore Crawler  
  33  4:36  Zergling x2  
  33  4:37  Zergling x4  
Show
View Real Time Build Order
Export as new Build Order

CaptRaynor Terran 

Build Orders:  

Get SALT Encoding   

  12  0:01  SCV  
  13  0:13  SCV  
  14  0:23  Supply Depot  
  14  0:25  SCV  
  15  0:42  Refinery  
  15  0:44  SCV  
  15  0:48  Supply Depot  
  16  0:56  SCV  
  17  1:11  Supply Depot  
  17  1:15  SCV  
  18  1:29  Refinery  
  18  1:36  Barracks  
  18  1:39  SCV  
  19  1:53  SCV  
  20  2:03  Barracks  
  20  2:06  SCV  
  21  2:18  SCV  
  22  2:27  Ghost Academy  
  22  2:28  Barracks Tech Lab  
  22  2:30  SCV  
  23  2:42  SCV  
  24  2:49  Bunker  
  24  2:50  Barracks Tech Lab  
  24  2:52  Marauder  
  27  2:59  Personal Cloaking  
  26  3:08  Ghost  
  28  3:20  Supply Depot  
  28  3:25  Ghost  
  30  3:39  Ghost  
  11  4:21  Ghost  
  11  4:22  Ghost  
Tags
 
Add a new tag
Caveats
  • Supply blocks, unpowered buildings, or Contaminate may cause inaccurate times.
  • Supply counts are checked every 10 seconds.